AoeStats
← Malus

Black Forest

509588175Analyzed
2v2 RM · 5d ago on Sep 27, 2026· 48m 31s· 4 players
Game mode
Random Map
Map size
Medium (4 player)
Population
200
Speed
Normal
Resources
Standard
Victory
Conquest
Starting age
Dark Age
Ending age
Imperial Age
RankedLock teamsTeams togetherTeam positionsShared explorationLock speedFull tech treeHidden civsTurbo modeCheats
Victory
Defeat
🇨🇿 Vikings · Czechia
935
+16
🇨🇿 Turks · Czechia
910
+17
🇩🇪 Chinese · Germany
1013
-54
🇩🇪 Danes · Germany
864
-23
bucek100
9:39 Loom
12:43 Feudal Age
13:19 Horse Collar
13:28 Double-Bit Axe
17:02 Man-at-Arms
17:56 Forging
17:47 Scale Mail Armor
23:52 Castle Age
24:13 Long Swordsman
24:35 Crossbowman
31:47 Heavy Plow
32:02 Bow Saw
32:32 Squires
35:05 Chain Mail Armor
35:26 Iron Casting
35:53 Ballistics
41:28 Imperial Age
38:57 Elite Skirmisher
39:53 Fletching
40:04 Padded Archer Armor
44:58 Plate Mail Armor
45:30 Blast Furnace
48:57 Conscription
48:18 Two-Handed Swordsman
Malus
16:57 Feudal Age
18:32 Fishing Lines
18:20 Man-at-Arms
19:03 Double-Bit Axe
23:05 Fletching
24:00 Padded Archer Armor
26:07 Castle Age
23:59 Gold Mining
28:05 Gold Shaft Mining
27:27 Gillnets
28:01 Bow Saw
29:54 Stone Mining
34:37 Imperial Age
37:05 Two-Man Saw
36:49 Scale Barding Armor
37:02 Leather Archer Armor
38:27 Husbandry
38:40 Bloodlines
38:58 Forging
39:09 Chain Barding Armor
39:19 Ring Archer Armor
41:37 Horse Collar
46:03 Wheelbarrow
48:06 Heavy Plow
49:22 Sipahi
Cyrus
11:53 Feudal Age
13:03 Double-Bit Axe
13:28 Horse Collar
17:37 Wheelbarrow
24:02 Castle Age
26:08 Elite Skirmisher
28:00 Bow Saw
38:10 Imperial Age
36:38 Ballistics
38:23 Heavy Rocket Cart
38:43 Cavalier
^8Fischy^3123
0:29 Loom
12:05 Feudal Age
13:03 Double-Bit Axe
14:04 Gold Mining
15:17 Stone Mining
15:11 Man-at-Arms
29:17 Castle Age
27:56 Horse Collar
33:10 Fletching
34:26 Bodkin Arrow
38:00 Imperial Age
36:47 Forging
37:00 Hamask
38:41 Gold Shaft Mining
38:43 Cranequins
39:56 Heavy Plow
41:25 Bracer
42:01 Iron Casting
41:29 Padded Archer Armor
42:47 Murder Holes
43:14 Ballistics
43:54 Chemistry
44:09 Elite Varangian Guard
Connection lost

Rejoining the realm…

Still unreachable

The connection could not be restored.

Session expired

The server has moved on; the page needs a fresh start.